AoeStats
← Irving Legend

Arabia

507045356Analyzed
1v1 RM · 17d ago on Sep 16, 2026· 33m 56s· 2 players
Game mode
Random Map
Map size
Tiny (2 player)
Population
200
Speed
Normal
Resources
Standard
Victory
Conquest
Starting age
Dark Age
Ending age
Imperial Age
RankedLock teamsTeams togetherTeam positionsShared explorationLock speedFull tech treeHidden civsTurbo modeCheats
Victory
Defeat
🇨🇦 Khitans · Canada
1145
+15
1125
-15
扫清六合 席卷八荒
0:28 Loom
9:20 Feudal Age
9:57 Double-Bit Axe
13:19 Wheelbarrow
20:11 Fletching
23:17 Castle Age
21:30 Padded Archer Armor
21:41 Horse Collar
24:00 Scale Mail Armor
23:39 Eagle Warrior
24:06 Pikeman
27:39 Bow Saw
27:59 Squires
28:13 Forging
Irving Legend
6:25 Loom
9:20 Feudal Age
9:24 Man-at-Arms
10:10 Double-Bit Axe
17:08 Wheelbarrow
16:35 Fletching
18:11 Padded Archer Armor
21:57 Castle Age
19:58 Domestication
20:55 Gold Mining
21:52 Forging
21:48 Scale Barding Armor
26:21 Bow Saw
29:10 Iron Casting
31:26 Chain Barding Armor
Connection lost

Rejoining the realm…

Still unreachable

The connection could not be restored.

Session expired

The server has moved on; the page needs a fresh start.